 Dungeon Crawl Stone Soup version 0.27-a0-417-g317cea8a3c (webtiles) character file.

Game seed: 4909185533475194738

142 hellse the Chopper (level 5, -13/67 HPs)
             Began as a Minotaur Berserker on Feb 25, 2021.
             Was a Priest of Trog.
             Mangled by an ogre
             ... wielding a +0 giant club
              (21 damage)
             ... on level 4 of the Dungeon.
             The game lasted 00:02:33 (2774 turns).

hellse the Chopper (Minotaur Berserker)             Turns: 2774, Time: 00:02:33

Health: -13/67     AC:  7    Str: 23    XL:     5   Next: 3%
Magic:  4/4        EV: 11    Int:  4    God:    Trog [***...]
Gold:   132        SH:  0    Dex:  9    Spells: 4/4 levels left

rFire    . . .     SeeInvis .   a - +0 hand axe
rCold    . . .     Faith    .   (no shield)
rNeg     . . .     Spirit   .   i - +0 ring mail
rPois    .         Reflect  .   (helmet restricted)
rElec    .         Harm     .   h - scarf {+Inv}
rCorr    .         Rampage  .   p - +0 pair of gloves
Will     .....                  j - +0 pair of boots
Stlth    ..........             f - amulet of magic regeneration
HPRegen  0.21/turn              (no ring)
MPRegen  0.34/turn              (no ring)

@: berserking, very quick
A: retaliatory headbutt, horns 2
a: Renounce Religion, Evoke Invisibility, Berserk, Trog's Hand


You were on level 4 of the Dungeon.
You worshipped Trog.
Trog was most pleased with you.
You visited 1 branch of the dungeon, and saw 4 of its levels.

You collected 132 gold pieces.

Inventory:

Hand Weapons
 a - a +0 hand axe (weapon)
Missiles
 A - 7 javelins
 B - 14 bolts
Armour
 b - a +0 animal skin
 h - a scarf of invisibility (worn)
 i - a +0 ring mail (worn)
 j - a +0 pair of boots (worn)
 p - a +0 pair of gloves (worn)
 z - a +0 plate armour
Jewellery
 f - an amulet of magic regeneration (around neck)
 y - a ring of wizardry
Wands
 n - a wand of flame (12)
 x - a wand of polymorph (7)
Scrolls
 d - 2 scrolls of identify {unknown}
 e - a scroll of enchant armour {unknown}
 l - 4 scrolls of amnesia {unknown}
 m - a scroll of teleportation {unknown}
 o - a scroll of enchant weapon {unknown}
 s - 2 scrolls of fog {unknown}
 v - a scroll of noise {unknown}
 w - a scroll of immolation {unknown}
 C - a scroll of random uselessness {unknown}
Potions
 c - 4 potions of curing {unknown}
 g - a potion of lignification {unknown}
 k - a potion of mutation {unknown}
 q - a potion of attraction {unknown}
 r - 2 potions of brilliance {unknown}
 t - 2 potions of berserk rage {unknown}
 u - a potion of might {unknown}


   Skills:
 - Level 3.6 Fighting
 + Level 7.0 Axes
 - Level 2.4 Armour
 - Level 2.1 Dodging


You had 4 spell levels left.
You didn't know any spells.
Your spell library was empty.

Dungeon Overview and Level Annotations

Branches:
Dungeon (4/15)
 Temple: D:4-7

Altars:
Makhleb
Nemelex Xobeh
Qazlal
Wu Jian
Yredelemnul
The Shining One


Innate Abilities, Weirdness & Mutations

You reflexively headbutt those who attack you in melee.
You have a pair of horns on your head.


Message History

There is a stone staircase leading down here.
A worm comes into view.
A worm is nearby!
A worm is nearby!
A worm is nearby!
You see here a scroll labelled HAUT LEHOIKH.
You slash the worm!
The worm is heavily wounded.
You slash the worm!
You kill the worm!
Trog accepts your kill.
You have reached level 5!
C - a scroll labelled HAUT LEHOIKH
Found a ring mail.
A leopard gecko comes into view.
The leopard gecko hisses angrily.
A leopard gecko is nearby!
A leopard gecko is nearby!
A leopard gecko is nearby!
An ogre comes into view. It is wielding a +0 giant club.
You hit the leopard gecko.
You kill the leopard gecko!
Trog accepts your kill.
Your Axes skill increases to level 7!
You barely miss the ogre. The ogre hits you with a +0 giant club.
You slash the ogre!
The ogre is moderately wounded.
You hit the ogre.
The ogre is moderately wounded.
The ogre hits you with a +0 giant club!!
You barely miss the ogre. You headbutt the ogre!
The ogre is severely wounded.
The ogre hits you with a +0 giant club!!
* * * LOW HITPOINT WARNING * * *
You are too injured to fight recklessly!
You are too injured to fight recklessly!
A red film seems to cover your vision as you go berserk!
You feel yourself moving faster!
You feel mighty!
The ogre hits you with a +0 giant club!!
You die...

...... ......
......
......######
#.........#
#.........#
#....O.[..#
#.....@...#
#.........#
#.........#
#.........#
#.........#####
#.............#
###...≈..####.#
.###.≈.≈..##
#.#
.....≈.....#
#.#


You could see an ogre.

Vanquished Creatures
  Robin (D:3)
  2 adders
  2 oozes
  5 worms
  3 dart slugs
  3 leopard geckos
  2 ball pythons (D:3)
  3 giant cockroaches
  20 goblins
  10 hobgoblins
  A jackal (D:2)
  4 quokkas
  6 bats
  4 frilled lizards
  7 kobolds
  3 rats
  A spectral orc (D:3)
77 creatures vanquished.

Notes
Turn   | Place    | Note
-------+----------+-------------------------------------------
     0 | D:1      | hellse the Minotaur Berserker began the quest for the Orb.
     0 | D:1      | Reached XP level 1. HP: 19/19 MP: 0/0
    18 | D:1      | Reached skill level 4 in Axes
   212 | D:1      | Reached XP level 2. HP: 26/26 MP: 1/1
   509 | D:1      | Reached skill level 5 in Axes
   720 | D:1      | Reached XP level 3. HP: 28/31 MP: 2/2
  1404 | D:2      | Reached ** piety under Trog
  1832 | D:3      | Reached XP level 4. HP: 39/39 MP: 3/3
  1841 | D:3      | Found a stormy altar of Qazlal.
  1844 | D:3      | Found a glowing golden altar of the Shining One.
  1849 | D:3      | Reached skill level 6 in Axes
  1854 | D:3      | Found a burning altar of Makhleb.
  1857 | D:3      | Found an ornate altar of the Wu Jian Council.
  2035 | D:3      | Noticed Robin
  2043 | D:3      | Reached *** piety under Trog
  2049 | D:3      | Killed Robin
  2349 | D:3      | Found a sparkling altar of Nemelex Xobeh.
  2496 | D:3      | Found a basalt altar of Yredelemnul.
  2757 | D:4      | Reached XP level 5. HP: 45/45 MP: 4/4
  2766 | D:4      | Noticed an ogre
  2768 | D:4      | Reached skill level 7 in Axes
  2774 | D:4      | Mangled by an ogre

Illustrated notes

Levels and vault maps discovered:
D:1:      minmay_arrival_glassed_features, layout_basic
D:2:      layout_basic, minmay_joined_circles
D:3:      layout_rooms, yredelemnul_forgotten_temple_becter,
          nemelex_altar_shiori, grunt_temple_overflow_cloverleaf, uniq_robin
D:4:      layout_basic, chequers_serial_rivers_micro_c, hex_tiny,
          bh_walls_and_bars

Skill      XL: |  1  2  3  4  5 |
---------------+----------------+-----
Axes           | 4 5 6 7 |  7.0
Fighting       | |  3.6
Armour         | |  2.4
Dodging        | |  2.1

Action                   |  1- 3 |  4- 6 || total
-------------------------+-------+-------++-------
Melee: Hand axe          |    73 |    67 ||   140
       Headbutt          |    14 |     3 ||    17
Invok: Berserk           |       |     1 ||     1
Armor: Ring mail         |    18 |    24 ||    42
Dodge: Dodged            |    35 |    42 ||    77

Table legend: (Time is in decaauts)
 A = Elapsed time spent in this place.
 B = Non-inter-level travel time spent in this place.
 C = Inter-level travel time spent in this place.
 D = Time resting spent in this place.
 E = Time spent auto-exploring this place.
 F = Levels seen in this place.
 G = Mean time per level.
                   A        B        C        D        E       F      G
               +--------+--------+--------+--------+--------+-----+--------+
         Total |   2776 |   2515 |    261 |      0 |   2154 |   4 |  694.0 |
       Dungeon |   2776 |   2515 |    261 |      0 |   2154 |   4 |  694.0 |
               +--------+--------+--------+--------+--------+-----+--------+

Top non-repeatable levels by time:
     D:1: 1129 daAuts
     D:3: 801 daAuts
     D:2: 718 daAuts
     D:4: 126 daAuts
